 Dungeon Crawl Stone Soup version 0.27.1-2-g3b301248ec (webtiles) character file.

Game seed: 10829031734876300543

92 Borgoz the Skirmisher (level 4, -1/43 HPs)
             Began as a Gargoyle Berserker on Sept 27, 2021.
             Was a Believer of Trog.
             Slain by an iguana (6 damage)
             ... on level 3 of the Dungeon.
             The game lasted 00:01:50 (2539 turns).

Borgoz the Skirmisher (Gargoyle Berserker)          Turns: 2539, Time: 00:01:51

Health: -1/43      AC: 10    Str: 22    XL:     4   Next: 60%
Magic:  4/4        EV: 10    Int:  7    God:    Trog [**....]
Gold:   110        SH:  5    Dex:  9    Spells: 3/3 levels left

rFire    . . .     SeeInvis .   a - +0 falchion
rCold    . . .     Faith    .   (no shield)
rNeg     + . .     Spirit   .   f - +0 scale mail
rPois    ∞         Reflect  +   (no helmet)
rElec    +         Harm     .   (no cloak)
rCorr    .         Rampage  .   (no gloves)
Will     .....                  (no boots)
Stlth    ..........             g - amulet of reflection
HPRegen  0.14/turn              (no ring)
MPRegen  0.09/turn              (no ring)

@: berserking, very quick
A: sickness immunity, AC +3, negative energy resistance 1, electricity
resistance, torment resistance 1, petrification resistance
a: Renounce Religion, Berserk, Trog's Hand


You were on level 3 of the Dungeon.
You worshipped Trog.
Trog was pleased with you.
You visited 1 branch of the dungeon, and saw 3 of its levels.

You collected 110 gold pieces.

Inventory:

Hand Weapons
 a - a +0 falchion (weapon)
Armour
 f - a +0 scale mail (worn)
Jewellery
 g - an amulet of reflection (around neck)
Scrolls
 c - a scroll of teleportation {unknown}
 d - a scroll of immolation {unknown}
 e - a scroll of vulnerability {unknown}
 h - 2 scrolls of fear {unknown}
 j - a scroll of blinking {unknown}
 m - a scroll of amnesia {unknown}
 n - a scroll of enchant armour {unknown}
Potions
 b - a potion of curing {unknown}
 i - a potion of flight {unknown}
 k - 2 potions of lignification {unknown}
 l - a potion of haste {unknown}


   Skills:
 + Level 4.0 Fighting
 + Level 3.3 Long Blades
 + Level 3.2 Armour
 + Level 2.3 Dodging


You had 3 spell levels left.
You didn't know any spells.
Your spell library was empty.

Dungeon Overview and Level Annotations

Branches:
Dungeon (3/15)

Altars:
Fedhas
Ru


Innate Abilities, Weirdness & Mutations

You are immune to sickness and miasma.
Your stone body is resilient. (AC +3)
You are immune to poison.
You resist negative energy. (rN+)
You are resistant to electric shocks. (rElec)
You are resistant to unholy torment.
You are immune to petrification.


Message History

You hit the iguana.
The iguana is moderately wounded.
The iguana closely misses you.
You hit the iguana but do no damage.
The iguana is moderately wounded.
The iguana bites you!
You are too injured to fight recklessly!
You are too injured to fight recklessly!
You are too injured to fight recklessly!
You are too injured to fight recklessly!
You are too injured to fight recklessly!
You are too injured to fight recklessly!
You are too injured to fight recklessly!
You are too injured to fight recklessly!
You are too injured to fight recklessly!
You are too injured to fight recklessly!
You are too injured to fight recklessly!
You are too injured to fight recklessly!
You are too injured to fight recklessly!
You are too injured to fight recklessly!
A red film seems to cover your vision as you go berserk!
You feel yourself moving faster!
You feel mighty! The iguana bites you.
* * * LOW HITPOINT WARNING * * *
You barely miss the iguana.
The iguana is moderately wounded.
The iguana misses you.
You barely miss the iguana.
The iguana is moderately wounded.
You slash the iguana!
The iguana is severely wounded.
The iguana hisses menacingly.
The iguana closely misses you.
You closely miss the iguana.
The iguana is severely wounded.
The iguana bites you.
* * * LOW HITPOINT WARNING * * *
You barely miss the iguana.
The iguana is severely wounded.
The iguana bites you.
You die...

##### ########...
.........# #l@.##
#.###.### # #...#
#(###.#.#
#...##.###.#
#####........#
...##.......>#.###
≈≈....###.##.#.#
≈≈≈≈≈..###.##.# #


You could see an iguana.

Vanquished Creatures
  2 adders
  2 worms
  A dart slug (D:3)
  3 orcs (D:3)
  3 endoplasms
  8 giant cockroaches
  7 hobgoblins
  4 jackals (D:1)
  7 kobolds
  6 quokkas
  3 ball pythons
  4 bats
  A frilled lizard (D:3)
  A goblin (D:2)
  4 rats
56 creatures vanquished.

Notes
Turn   | Place    | Note
-------+----------+-------------------------------------------
     0 | D:1      | Borgoz the Gargoyle Berserker began the quest for the Orb.
     0 | D:1      | Reached XP level 1. HP: 14/14 MP: 1/1
     3 | D:1      | Noticed an electric eel
     4 | D:1      | Noticed an electric eel
   210 | D:1      | Reached XP level 2. HP: 13/19 MP: 2/2
   603 | D:1      | Reached XP level 3. HP: 23/23 MP: 3/3
  1166 | D:2      | Found a sacrificial altar of Ru.
  1244 | D:2      | Reached ** piety under Trog
  1512 | D:2      | Reached XP level 4. HP: 29/29 MP: 4/4
  2488 | D:3      | Found a blossoming altar of Fedhas.
  2513 | D:3      | Reached skill level 4 in Fighting
  2539 | D:3      | Slain by an iguana

Illustrated notes

Levels and vault maps discovered:
D:1:      arrival_aquarium_b, layout_rooms, minmay_worlds_worst_comb
D:2:      layout_basic, basic_altar, roderic_cross_of_infinity,
          minmay_pentomino_v2
D:3:      layout_loops_corners, fedhas_ov_isle_minmay,
          shapermc_ecumenical_altar_petra, chequers_serial_rivers_marsh

Skill      XL: |  1  2  3  4 |
---------------+-------------+-----
Dodging        | 2 |  2.3
Long Blades    | 3 |  3.3
Armour         | 3 |  3.2
Fighting       | 4 |  4.0

Action                   |  1- 3 |  4- 6 || total
-------------------------+-------+-------++-------
Melee: Falchion          |    99 |    65 ||   164
Invok: Berserk           |     2 |     2 ||     4
 Stab: Sleeping          |     1 |       ||     1
Armor: Animal skin       |    19 |       ||    19
       Scale mail        |    15 |    19 ||    34
Dodge: Dodged            |    60 |    20 ||    80
Block: Other             |    15 |    11 ||    26
       Rpst.: Falchion   |    21 |     7 ||    28
